 Dungeon Crawl Stone Soup version 0.23.2-33-g5129a83184 (webtiles) character file.

Game seed: 17506517109600964952

499 Felnil the Skirmisher (level 6, -11/51 HPs)
             Began as a Mummy Fighter on Aug 8, 2019.
             Mangled by an ogre
             ... wielding a +0 giant club
              (23 damage)
             ... on level 5 of the Dungeon.
             The game lasted 00:09:55 (3335 turns).

Felnil the Skirmisher (Mummy Fighter)               Turns: 3335, Time: 00:09:56

Health: -11/51     AC:  7    Str: 23    XL:     6   Next: 94%
Magic:  6/6        EV:  5    Int:  7    God:
Gold:   230        SH: 15    Dex: 12    Spells: 5/5 levels left

rFire    x . .     SeeInvis .   a - +0 war axe
rCold    + . .     Gourm    .   j - +0 large shield
rNeg     + + +     Faith    .   b - +0 scale mail
rPois    ∞         Spirit   .   (no helmet)
rElec    .         Reflect  .   (no cloak)
rCorr    .         Harm     .   (no gloves)
MR       .....                  (no boots)
Stlth    +.........             (no amulet)
HPRegen  0.17/turn              i - ring of stealth
MPRegen  0.10/turn              l - +2 ring of strength

@: no status effects
A: no food or potions, fire vulnerability, cold resistance 1, negative energy
resistance 3, torment resistance, unbreathing
a: no special abilities


You were on level 5 of the Dungeon.
You were not hungry.

You visited 1 branch of the dungeon, and saw 5 of its levels.

You collected 230 gold pieces.

Inventory:

Hand Weapons
 a - a +0 war axe (weapon)
Armour
 b - a +0 scale mail (worn)
 j - a +0 large shield (worn)
Jewellery
 i - a ring of stealth (left hand)
 k - an uncursed ring of stealth
 l - a +2 ring of strength (right hand)
Scrolls
 c - a scroll of amnesia {unknown}
 d - 3 scrolls of remove curse {unknown}
 e - a scroll of noise {unknown}
 f - a scroll of blinking {unknown}
 g - 4 scrolls of teleportation {unknown}
 h - a scroll of fog {unknown}
 m - a scroll of fear {unknown}
 n - a scroll of identify {unknown}


   Skills:
 + Level 5.1 Fighting
 - Level 1.5 Axes
 + Level 4.2 Armour
 + Level 4.2 Shields


You had 5 spell levels left.
You didn't know any spells.
Your spell library was empty.

Dungeon Overview and Level Annotations

Branches:
Dungeon (5/15)
 Temple: D:4-7

Altars:


Innate Abilities, Weirdness & Mutations

You do not eat or drink.
Your flesh is vulnerable to fire.
You are immune to poison.
Your flesh is cold resistant. (rC+)
You are immune to negative energy. (rN+++)
You are immune to unholy pain and torment.
You can survive without breathing.


Message History

You destroy the adder skeleton!
No target in view!
No target in view!
Found 18 sling bullets.
A gnoll comes into view. It is wielding a +0 whip.
The gnoll shouts!
Things that are here:
a +0 rapier; an orc skeleton An ogre comes into view.
It is wielding a +0 giant club.
The ogre shouts!
The ogre hits you with a +0 giant club!
You barely miss the ogre.
The ogre hits you with a +0 giant club!!
You closely miss the ogre. You block the ogre's attack.
You barely miss the ogre. You hit the gnoll.
The ogre hits you with a +0 giant club.
* * * LOW HITPOINT WARNING * * *
You block the gnoll's attack. The gnoll hits you but does no damage.
The ogre hits you with a +0 giant club!!
You die...

###... #......... . ..(.....#
#.####.... ##.##..##...###.#
##..>) ...#.........##.###.....
.......##......##...^...........
..............##..........#....
###.)....#..................###..
................###....)....###.#
...............O@g...........##.#
......###.........#....##.##..#.#
.......................##.###.#.#
...........###.......).##÷÷##....
......#....###.###......##.###...
........##....[# ##..#..##...#...
......#..#...### #.....####...#.
.#######...#.## ##.##....##..##.
..........##..####..##..#.##...#.


You could see an ogre and a gnoll.

Vanquished Creatures
  A phantom (D:4)
  An ogre (D:5)
  A scorpion (D:5)
  2 howler monkeys
  A crimson imp (D:3)
  A hound (D:3)
  7 adders
  3 adder skeletons
  3 dart slugs
  3 leopard geckos
  3 orcs
  5 bats
  A giant cockroach (D:5)
  5 goblins
  4 hobgoblins
  6 jackals
  2 kobolds (D:1)
  4 quokkas
  2 ball pythons (D:3)
  4 frilled lizards
  3 leopard gecko skeletons
  6 rats
68 creatures vanquished.

Notes
Turn   | Place    | Note
-------+----------+-------------------------------------------
     0 | D:1      | Felnil the Mummy Fighter began the quest for the Orb.
     0 | D:1      | Reached XP level 1. HP: 18/18 MP: 1/1
    65 | D:1      | Reached XP level 2. HP: 6/24 MP: 2/2
   776 | D:2      | Reached XP level 3. HP: 26/29 MP: 3/3
  1384 | D:3      | Reached XP level 4. HP: 31/37 MP: 4/4
  1751 | D:4      | Noticed a phantom
  1776 | D:3      | Reached skill level 4 in Fighting
  1931 | D:3      | Reached XP level 5. HP: 40/42 MP: 5/5
  2198 | D:4      | Killed a phantom
  2198 | D:4      | Reached XP level 6. HP: 29/49 MP: 6/6
  2723 | D:5      | Entered Level 5 of the Dungeon
  3161 | D:5      | Reached skill level 5 in Fighting
  3335 | D:5      | Mangled by an ogre

Skill      XL: |  1  2  3  4  5  6 |
---------------+-------------------+-----
Shields        | 3 4 |  4.2
Armour         | 3 4 |  4.2
Fighting       | 4 5 |  5.1
Axes           | |  1.5

Action                   |  1- 3 |  4- 6 || total
-------------------------+-------+-------++-------
Melee: War axe           |   163 |   153 ||   316
 Stab: Sleeping          |     1 |       ||     1
Armor: Scale mail        |    85 |    68 ||   153
Dodge: Dodged            |    51 |    36 ||    87
Block: Shield            |    38 |       ||    38
       Large shield      |    91 |   153 ||   244
